 Dungeon Crawl Stone Soup version 0.24.0-125-gc4c63601f3 (webtiles) character file.

Game seed: 16372260203822830034, levelgen mode: deterministic

2865 Johnny the Spear-Bearer (level 9, -3/67 HPs)
             Began as a Demigod Gladiator on Feb 19, 2020.
             Slain by a killer bee (7 damage)
             ... on level 8 of the Dungeon.
             The game lasted 00:07:33 (8154 turns).

Johnny the Spear-Bearer (Demigod Gladiator)         Turns: 8154, Time: 00:07:33

Health: -3/67      AC: 13    Str: 28    XL:     9   Next: 23%
Magic:  11/11      EV: 11    Int: 12    God:
Gold:   523        SH:  0    Dex: 17    Spells: 8/8 levels left

rFire    + + +     SeeInvis .   k - +4 halberd
rCold    + . .     Gourm    .   (shield currently unavailable)
rNeg     . . .     Faith    .   l - +0 scale mail of the Heron {rF++ Slay+3} (curse)
rPois    +         Spirit   .   c - +0 helmet
rElec    +         Reflect  .   b - +0 cloak
rCorr    +         Harm     .   (no gloves)
MR       .....                  m - +0 pair of boots
Stlth    ..........             n - amulet of the acrobat
HPRegen  0.21/turn              (no ring)
MPRegen  0.12/turn              (no ring)

@: mighty, resistant
A: talons 1, thin metallic scales 1, yellow scales 1, high mp 1
a: no special abilities


You were on level 8 of the Dungeon.
You were hungry.

You visited 1 branch of the dungeon, and saw 8 of its levels.

You collected 523 gold pieces.

Inventory:

Hand Weapons
 k - a +4 halberd (weapon)
Missiles
 d - 4 throwing nets (quivered)
Armour
 b - a +0 cloak (worn)
 c - a +0 helmet (worn)
 j - a +3 scale mail of magic resistance
 l - the cursed +0 scale mail of the Heron (worn) {rF++ Slay+3}
   (You found it on level 7 of the Dungeon)

   It affects your accuracy and damage with ranged weapons and melee attacks
   (+3).
   It greatly protects you from fire.
   It has a curse placed upon it.
 m - a +0 pair of boots (worn)
 w - a +1 ring mail of cold resistance
Jewellery
 n - an amulet of the acrobat (around neck)
Scrolls
 e - a scroll of magic mapping
 g - a scroll of immolation
 h - 3 scrolls of remove curse
 i - 2 scrolls of fog
 q - 2 scrolls of teleportation
 t - 2 scrolls of enchant armour
 v - a scroll of fear
Potions
 a - a potion of heal wounds {unknown}
 r - 2 potions of might
 s - a potion of berserk rage {unknown}
Comestibles
 f - 12 rations


   Skills:
 - Level 1.7 Fighting
 + Level 12.1 Polearms
 - Level 1.7 Throwing
 - Level 2.6 Dodging


You had 8 spell levels left.
You didn't know any spells.
Your spell library contained the following spells:

 Spells                   Type           Power        Failure   Level  Hunger
 Animate Skeleton         Necr           N/A          58%         1    ##.....
 Infusion                 Chrm           #...         58%         1    ##.....
 Pain                     Necr           #...         58%         1    ##.....
 Shroud of Golubria       Chrm/Tloc      #.....       75%         2    ###....
 Song of Slaying          Chrm           #.......     75%         2    ###....
 Regeneration             Chrm/Necr      #.........   92%         3    ####...
 Spectral Weapon          Hex/Chrm       #.......     92%         3    ####...
 Vampiric Draining        Necr           #.........   92%         3    ####...
 Animate Dead             Necr           N/A          100%        4    #####..


Dungeon Overview and Level Annotations

Branches:
Dungeon (8/15)             Temple (0/1) D:7
   Lair: D:8-11

Shops:
D:8 [

Annotations:
D:3 1 runed translucent door, Asketicks's ghost, amateur DEEn
D:8 Psyche


Innate Abilities, Weirdness & Mutations

You have an increased reservoir of magic. (+10% MP)
You have sharp toenails.
You are partially covered in thin metallic scales. (AC +2)
You are partially covered in yellow scales. (AC +2)


Message History

Unknown command.
You barely miss the killer bee. The killer bee stings you!
* * * LOW HITPOINT WARNING * * *
The killer bee misses you.
You barely miss the killer bee.
The killer bee stings you but does no damage.
The killer bee stings you!
* * * LOW HITPOINT WARNING * * *
The killer bee closely misses you.
You slice the killer bee!!
The killer bee is severely wounded.
The killer bee stings you but does no damage.
The killer bee stings you.
* * * LOW HITPOINT WARNING * * *
The killer bee barely misses you.
Unknown command.
It was a potion of might.
You feel very mighty all of a sudden. The killer bee stings you!
You die...

##### # #...####.#
#######h....#..#
#...@yyy.#.......
#.....###yg#.......#
#.....#####..?##.....
##...##..............
#... #.∩.y.........^
.... #..............[
... #####..........#
... .###......#....##
...........# .....


You could see a howler monkey, 4 killer bees and a gnoll.

Vanquished Creatures
  A hornet (D:7)
  2 hippogriffs
  Edmund (D:4)
  2 ice beasts
  An orc warrior (D:6)
  A sky beast (D:7)
  A phantom (D:5)
  3 ogres
  Blork the orc (D:6)
  4 bullfrogs
  A gnoll sergeant (D:5)
  Dowan (D:5)
  A killer bee (D:8)
  2 jellies
  5 howler monkeys
  A quasit (D:7)
  An orc wizard (D:7)
  Crazy Yiuf (D:5)
  A bullfrog skeleton (D:6)
  2 orc priests
  4 worker ants
  2 hound skeletons
  A howler monkey skeleton (D:5)
  10 adders
  9 gnolls
  2 oozes
  4 worms
  2 dart slugs
  4 leopard geckos
  20 orcs
  8 giant cockroaches
  11 hobgoblins
  8 jackals
  6 kobolds
  4 quokkas
  A ball python (D:3)
  10 bats
  5 frilled lizards
  A giant cockroach zombie (D:5)
  13 goblins
  A jackal skeleton (D:7)
  A leopard gecko skeleton (D:5)
  9 rats
169 creatures vanquished.

Vanquished Creatures (others)
  Duvessa (D:5)
1 creature vanquished.

Grand Total: 170 creatures vanquished

Notes
Turn   | Place    | Note
-------+----------+-------------------------------------------
     0 | D:1      | Johnny the Demigod Gladiator began the quest for the Orb.
     0 | D:1      | Reached XP level 1. HP: 17/17 MP: 3/3
    94 | D:1      | Reached skill level 3 in Polearms
   243 | D:1      | Reached XP level 2. HP: 15/24 MP: 4/4
   616 | D:2      | Found an ancient bone altar of Kikubaaqudgha.
   764 | D:2      | Reached XP level 3. HP: 29/29 MP: 5/5
   808 | D:2      | Reached skill level 4 in Polearms
  1985 | D:3      | Found a runed translucent door.
  1986 | D:3      | Noticed Asketicks's ghost (amateur DEEn)
  2004 | D:3      | Reached XP level 4. HP: 30/36 MP: 6/6
  2011 | D:3      | Reached skill level 5 in Polearms
  2729 | D:3      | Reached XP level 5. HP: 35/41 MP: 7/7
  3418 | D:4      | Reached skill level 6 in Polearms
  3509 | D:4      | Noticed Edmund
  3536 | D:4      | HP: 3/61 [Edmund/+5 flail of protection (7)]
  3549 | D:4      | HP: 2/61 [Edmund/+5 flail of protection (4)]
  3576 | D:4      | Killed Edmund
  3576 | D:4      | Reached XP level 6. HP: 14/48 MP: 8/8
  4033 | D:5      | Entered Level 5 of the Dungeon
  4047 | D:5      | Reached skill level 7 in Polearms
  4113 | D:5      | Noticed a hippogriff
  4124 | D:5      | Killed a hippogriff
  4124 | D:5      | Reached XP level 7. HP: 29/53 MP: 9/9
  4574 | D:5      | Reached skill level 8 in Polearms
  4725 | D:5      | Found a runed translucent door.
  4726 | D:5      | Noticed Crazy Yiuf
  4813 | D:5      | Noticed Duvessa
  4814 | D:5      | Noticed Dowan
  4853 | D:5      | Gained mutation: You have sharp toenails. [potion of
                  | mutation]
  4853 | D:5      | Gained mutation: You are partially covered in yellow
                  | scales. (AC +2) [potion of mutation]
  4853 | D:5      | Gained mutation: You are partially covered in thin metallic
                  | scales. (AC +2) [potion of mutation]
  4861 | D:5      | Killed Duvessa
  4871 | D:5      | Killed Dowan
  4871 | D:5      | Reached skill level 9 in Polearms
  5316 | D:5      | Found an opulent altar of Gozag.
  5609 | D:5      | Killed Crazy Yiuf
  5740 | D:5      | Reached XP level 8. HP: 24/60 MP: 10/10
  6084 | D:6      | Reached skill level 10 in Polearms
  6320 | D:6      | Noticed Blork the orc
  6330 | D:6      | Killed Blork the orc
  6962 | D:7      | Reached skill level 11 in Polearms
  6997 | D:7      | Noticed a hornet
  7007 | D:7      | Killed a hornet
  7290 | D:7      | HP: 1/60 [orc warrior/+0 hand axe of chopping (6)]
  7576 | D:6      | Reached XP level 9. HP: 54/67 MP: 11/11
  7782 | D:7      | Found a staircase to the Ecumenical Temple.
  7791 | D:7      | Identified a scroll of acquirement
  7796 | D:7      | Got a transparent chain mail
  7807 | D:7      | Identified the +2 chain mail of the Slorg {rN+ Str-2 Dex+4}
                  | (You acquired it on level 7 of the Dungeon)
  7821 | D:7      | Found a shattered altar of Ashenzari.
  7900 | D:7      | Got a blackened scale mail
  7911 | D:7      | Identified the cursed +0 scale mail of the Heron {rF++
                  | Slay+3} (You found it on level 7 of the Dungeon)
  8098 | D:8      | Noticed Psyche
  8126 | D:8      | Reached skill level 12 in Polearms
  8128 | D:8      | Noticed a two-headed ogre
  8138 | D:8      | Found Duint's Armour Emporium.
  8154 | D:8      | Slain by a killer bee

Levels and vault maps discovered:
D:1:      dpeg_arrival_orchard, layout_rooms
D:2:      layout_basic, lemuel_crystal_altar
D:3:      minmay_chambers_of_threes, layout_loops_ring, gammafunk_ghost_grave,
          first_ration, minmay_fractal_squares_diagonal_5
D:4:      layout_loops_ring, uniq_edmund
D:5:      layout_gridville, basic_altar, uniq_crazy_yiuf_cottage, uniq_duvessa
D:6:      layout_cave_pods, serial_glass, glass_columns_b, glass_columns_c,
          uniq_blork_the_orc
D:7:      layout_gridville, kennysheep_little_box, minmay_temple_entry_junction
D:8:      layout_cave_pools, serial_gnoll_camp, gnoll_camp_mini_basic,
          gnoll_camp_mini_hut, gnoll_camp_mini_shop, gnoll_camp_mini_sergeant,
          david_nohive_1, minmay_shop_chei, uniq_psyche

Skill      XL: |  1  2  3  4  5  6  7  8  9 |
---------------+----------------------------+-----
Polearms       | 3 4 5 6 7 9 11 12 | 12.1
Fighting       | |  1.7
Throwing       | |  1.7
Dodging        | |  2.6

Action                   |  1- 3 |  4- 6 |  7- 9 || total
-------------------------+-------+-------+-------++-------
Melee: Trident           |   136 |   234 |   188 ||   558
       Halberd           |       |       |   164 ||   164
Throw: Throwing net      |       |     1 |       ||     1
  Use: Potion            |     1 |     5 |    11 ||    17
       Scroll            |       |       |    19 ||    19
 Stab: Sleeping          |     5 |     3 |       ||     8
       Invisible         |       |     1 |       ||     1
  Eat: Ration            |     1 |       |     1 ||     2
       Chunk             |       |     7 |     9 ||    16
Armor: Leather armour    |    35 |    31 |       ||    66
       Skin              |       |    28 |       ||    28
       Scale mail        |       |    23 |   179 ||   202
Dodge: Dodged            |    82 |   105 |   245 ||   432
